cohdb
Replays
Latest Replays
All Replays
Popular Replays
Top Player Replays
Match Explorer
How It Works
Community
CoH3 Stats
Reddit
Sign in to upload your games and track your stats! →
Sign in with Steam
Match 41321783
Unlisted
Match 41321783
Overview
Messages
Build Orders
End
Engineer Squad
Scout Squad
Construct Weapon Support Center
Engineer Squad
M1919 Machine Gun Team
Air Support Center
M3 Armored Personnel Carrier
Selects Heavy Weapons
Selects Assault Carriers
Construct Medical Station
Double Sortie
M1919 Machine Gun Team
P-47 Dive Bomb
P-47 Strafing Run
Selects Halftrack Strongpoints
Air Supremacy
Sniper
M3 Assault Carrier
Grasshopper Recon Run
P-47 Strafing Run
P-47 Strafing Run
M1919 Machine Gun Team
Grasshopper Recon Run
Construct Tank Depot
P-47 Strafing Run
Grasshopper Recon Run
Bazooka Squad
M18 Hellcat Tank Destroyer
Grasshopper Recon Run
P-47 Strafing Run
P-47 Dive Bomb
M18 Hellcat Tank Destroyer
P-47 Strafing Run
Selects M26 Pershing Heavy Tank
Grasshopper Recon Run
acn322
Nubbl0r
0
0
Comments
sign in to comment!
No comments posted yet!